gia, lawful female human Priestess --------- |.......| |...<...+ |.......| -@-----.- #B # # -.- |... |..%.| |....| ------ gia the Acolyte Experience level: 3 Strength: 15 Dexterity: 13 Constitution: 9 Intelligence: 10 Wisdom: 18 Charisma: 11 Health: 0(19) Energy: 33(44) Def: 4 Gold: 256 Moves: 1429 Dungeon seed: zfCALQ1kAAwkj6jd Game ID: gia_1526490602 Your Inventory: Coins $ - 256 gold pieces Weapons a - a blessed +1 mace (weapon in hand) h - a +0 katana m - 16 +0 darts Armor e - a +0 robe (being worn) n - a +0 small shield (being worn) N - a +0 pair of low boots (being worn) Comestibles c - a clove of garlic d - a sprig of wolfsbane Scrolls k - a scroll of light l - a cursed scroll of light s - a scroll of identify W - a scroll of create monster Spellbooks f - a spellbook of remove curse g - a spellbook of identify i - a spellbook of sleep u - a spellbook of charm monster Potions b - 4 potions of holy water p - a potion of extra healing r - a blessed potion of sickness Wands X - a wand of cancellation (0:5) Gems q - 2 worthless pieces of yellow glass y - a jade stone z - 2 worthless pieces of yellowish brown glass Spells and supernatural/magical abilities: Name Level Category Fail Memory r - remove curse 3 clerical 0% 93% I - identify 3 divination 74% 93% W - pray for help -- divine ? -- X - turn undead -- divine ? -- Your skills at the end: Fighting Skills Weapon Skills mace [Basic] Spellcasting Skills clerical spells [Basic] Final Attributes: You were piously aligned. You are dead. Vanquished creatures: a little dog a werejackal a large kobold 2 giant rats 2 yellow molds 2 garter snakes 4 jackals 3 foxes 2 kobolds a sewer rat 5 grid bugs a bat 3 lichens 28 creatures vanquished. Voluntary challenges: You were an atheist. You used a wielded weapon 30 times, starting on turn 52. You read items or engraved 3 times, starting on turn 1226. You never genocided any monsters. You never polymorphed an object. You never changed form. You used no wishes. You never split a pudding. You wrote Elbereth's name 2 times, starting on turn 1226. You never violated your personal moral code. Dungeon overview: The Dungeons of Doom: levels 1 to 5 Level 1 a long staircase Level 2 Level 3 a scroll shop, some fountains Level 4 a fountain stairs to The Gnomish Mines Level 5 <- You were here The Gnomish Mines: Level 5 stairs to The Dungeons of Doom History has recorded: On T:1 you entered the Dungeons of Doom to retrieve the Amulet of Yendor! On T:192 you reached level 2 of The Dungeons of Doom. On T:276 you advanced to experience level 2. On T:482 you reached level 3 of The Dungeons of Doom. On T:674 you advanced to experience level 3. On T:1043 you reached level 4 of The Dungeons of Doom. On T:1085 you reached level 1 of The Gnomish Mines. On T:1405 you reached level 5 of The Dungeons of Doom. Score breakdown: Gold: 256 ( 8197 points) Experience: 3 levels ( 7878 points) Exploration: 5 levels ( 11.11%) ( 9045 points) Discoveries: 8 items ( 2.69%) ( 4923 points) Valuables value: (no points given unless you survive) Artifact value: 0 ( 0 points) Variety of kills: 13 monsters ( 3.41%) ( 5541 points) Turncount: 1429 turns ( 0 points) Survival: died (score multiplied by 80%) Total score: 28467 Latest messages: Where do you want to travel to? You hear a jackal howling at the moon. You see here a pair of walking shoes. N - a pair of walking shoes. You start equipping your pair of walking shoes. You stop changing your equipment. You hear the splashing of a naiad. You continue equipping your pair of walking shoes. You are now wearing a pair of walking shoes. The bat bites! You hit the bat. The bat bites! (2x) You miss the bat. The bat bites! (2x) You kill the bat! You stop exploring. The bat bites! The bat misses. The bat bites! (2x) The bat misses. The bat bites! You die... Final status: Goodbye gia the Priestess, killed by a bat... You died in The Dungeons of Doom on dungeon level 5 with 28467 points, and 256 pieces of gold, after 1429 moves. You were level 3 with a maximum of 19 hit points when you died.